 Dungeon Crawl Stone Soup version 0.29.0-4-gdea44cf6ec (webtiles) character file.

Game seed: 13367269121836564625

230 qw the Sneak (level 6, -4/38 HPs)
             Began as a Gargoyle Delver on Sept 10, 2022.
             Slain by Terence
             ... wielding a +1 trident of flaming
              (9 damage)
             ... on level 3 of the Dungeon.
             The game lasted 00:00:53 (2971 turns).

qw the Sneak (Gargoyle Delver)                      Turns: 2971, Time: 00:00:54

Health: -4/38      AC: 13    Str: 22    XL:     6   Next: 3%
Magic:  6/6        EV: 11    Int: 10    God:
Gold:   55         SH:  0    Dex: 14    Spells: 5/5 levels left

rFire   + . .      SeeInvis .   Y - +0 hand axe
rCold   . . .      Faith    .   (no shield)
rNeg    + . .      Spirit   .   a - +0 ring mail
rPois   inf        Reflect  .   i - +0 helmet
rElec   +          Harm     .   (no cloak)
rCorr   .          Rampage  +   b - +2 pair of gloves "Kuommu" {Rampage rF+ Str+4 Dex+3}
Will    .....                   (no boots)
Stlth   ++........              (no amulet)
HPRegen 0.12/turn               (no ring)
MPRegen 0.10/turn               (no ring)

@: about to teleport
A: sickness immunity, AC +4, negative energy resistance 1, electricity
resistance, torment resistance 1, petrification resistance
a: no special abilities


You were on level 3 of the Dungeon.
You visited 1 branch of the dungeon, and saw 5 of its levels.

You collected 145 gold pieces.
You spent 90 gold pieces at shops.


Innate Abilities, Weirdness & Mutations

You are immune to sickness and miasma.
Your stone body is resilient. (AC +4)
You are immune to poison.
You resist negative energy. (rN+)
You are resistant to electric shocks. (rElec)
You are resistant to unholy torment.
You are immune to petrification.


   Skills:
 + Level 3.9 Fighting
 - Level 5.0 Axes
 - Level 1.5 Armour
 - Level 1.5 Dodging
 - Level 5.4 Stealth


You had 5 spell levels left.
You didn't know any spells.
Your spell library was empty.

Inventory:

Hand Weapons
 d - a +0 whip
 Y - a +0 hand axe (weapon)
Missiles
 n - 2 boomerangs (quivered)
Armour
 a - a +0 ring mail (worn)
 b - the +2 pair of gloves "Kuommu" (worn) {Rampage rF+ Str+4 Dex+3}
   (You found it on level 2 of the Dungeon)

   Str:       It affects your strength (+4).
   Dex:       It affects your dexterity (+3).
   rF:        It protects you from fire.
   Rampage:   It bestows one free step when moving towards enemies.
 i - a +0 helmet (worn)
Wands
 g - a wand of digging (3)
Scrolls
 c - a scroll of teleportation
 k - a scroll of identify
Potions
 e - a potion of degeneration {unknown}
 f - a potion of haste
 m - a potion of heal wounds
 o - a potion of mutation {unknown}

Dungeon Overview and Level Annotations

Branches:
Dungeon (5/15)
 Temple: D:4-7

Altars:
Wu Jian

Shops:
D:1 ?

Annotations:
D:3 Terence


Message History

You hit Terence.
Terence is heavily wounded.
Terence hits you but does no damage.
You hit Terence.
Terence is heavily wounded.
Terence hits you but does no damage.
You hit Terence.
Terence is severely wounded.
Terence hits you with a +1 trident of flaming.
You completely miss Terence.
Terence is severely wounded.
Terence hits you with a +1 trident of flaming.
You barely miss Terence.
Terence is severely wounded.
Terence hits you with a +1 trident of flaming!
Terence burns you.
You hit Terence.
Terence is severely wounded.
Terence hits you with a +1 trident of flaming.
You hit Terence.
Terence is almost dead.
Terence misses you.
You closely miss Terence.
Terence is almost dead.
Terence closely misses you.
You hit Terence but do no damage.
Terence is almost dead.
Terence hits you but does no damage.
You hit Terence but do no damage.
Terence is almost dead.
Terence hits you but does no damage.
You barely miss Terence.
Terence is almost dead.
Terence hits you with a +1 trident of flaming!
Terence burns you.
2971 ||| READING 2 scrolls of teleportation.
As you read the scroll of teleportation, it crumbles to dust.
You feel strangely unstable.
Terence hits you with a +1 trident of flaming!
You die...

..#.......# #
#.#..#.##.#
#.#....##.# ###
##......##.# #..
..#....##.# #.#
#)#.#.###.#
#.####.#....<..#
#@##)......#####
#.##@##.#.#####
#.......#.#
####......#
########


You could see Terence.

Vanquished Creatures
  A howler monkey (D:5)
  Jessica (D:2)
  Natasha (thrice) (D:2)
  4 adders
  A worm (D:3)
  A dart slug (D:2)
  5 orcs
  4 ball pythons
  5 bats
  3 endoplasms
  2 giant cockroaches (D:2)
  7 goblins
  3 hobgoblins
  4 kobolds
  2 quokkas (D:1)
  3 rats
49 creatures vanquished.

Notes
Turn   | Place    | Note
-------+----------+-------------------------------------------
     0 | D:5      | qw the Gargoyle Delver began the quest for the Orb.
     0 | D:5      | Reached XP level 1. HP: 14/14 MP: 1/1
     0 | D:5      | 0 ||| qw: Version: 0.1-a-116-g5d60599
     0 | D:5      | 0 ||| qw: Game counter: 7558
     0 | D:5      | 0 ||| qw: Always use a shield: true
     0 | D:5      | 0 ||| qw: God list: Okawaru
     0 | D:5      | 0 ||| qw: Allow faded altars: false
     0 | D:5      | 0 ||| qw: Do Orc after D:15 true
     0 | D:5      | 0 ||| qw: Do second Lair branch before Depths: true
     0 | D:5      | 0 ||| qw: Lair rune preference: random
     0 | D:5      | 0 ||| qw: Plans: Normal
     0 | D:5      | 0 ||| PLANNING D:1-11
    24 | D:5      | Noticed a howler monkey
    35 | D:5      | Killed a howler monkey
    36 | D:5      | Reached skill level 3 in Axes
    36 | D:5      | Reached XP level 2. HP: 19/19 MP: 2/2
    36 | D:5      | Reached XP level 3. HP: 23/23 MP: 3/3
    47 | D:5      | Found an ornate altar of the Wu Jian Council.
   313 | D:5      | 313 ||| READING scroll labelled FUNETU IDOUKH.
   314 | D:5      | 314 ||| DROPPING scroll of fog.
   315 | D:5      | 315 ||| DROPPING scroll of magic mapping.
   316 | D:5      | 316 ||| DROPPING scroll of fear.
   348 | D:3      | 348 ||| Stepping ~*~*~tactically~*~*~ (stealth).
   363 | D:3      | Reached XP level 4. HP: 9/28 MP: 4/4
   619 | D:3      | 619 ||| UPGRADING to +0 ring mail.
   629 | D:3      | 629 ||| DROPPING +0 leather armour.
   633 | D:2      | Noticed Natasha
   634 | D:2      | 634 ||| Stepping ~*~*~tactically~*~*~ (hiding).
   736 | D:2      | 736 ||| Stepping ~*~*~tactically~*~*~ (hiding).
   838 | D:2      | 838 ||| Stepping ~*~*~tactically~*~*~ (hiding).
   949 | D:2      | HP: 6/28 [something (4)]
   952 | D:2      | HP: 2/28 [something (4)]
   953 | D:2      | Killed Natasha
  1167 | D:2      | Noticed Natasha
  1168 | D:2      | 1168 ||| Stepping ~*~*~tactically~*~*~ (stealth).
  1205 | D:2      | 1205 ||| Stepping ~*~*~tactically~*~*~ (stealth).
  1219 | D:2      | Killed Natasha
  1220 | D:2      | Reached skill level 1 in Armour
  1344 | D:2      | Reached XP level 5. HP: 32/32 MP: 5/5
  1376 | D:2      | 1376 ||| Stepping ~*~*~tactically~*~*~ (stealth).
  1381 | D:2      | 1381 ||| Stepping ~*~*~tactically~*~*~ (stealth).
  1383 | D:2      | 1383 ||| Stepping ~*~*~tactically~*~*~ (stealth).
  1393 | D:2      | Identified the +2 pair of gloves "Kuommu" {Rampage rF+
                  | Str+4 Dex+3}
  1408 | D:2      | 1408 ||| Stepping ~*~*~tactically~*~*~ (stealth).
  1409 | D:2      | 1409 ||| Stepping ~*~*~tactically~*~*~ (stealth).
  1411 | D:2      | 1411 ||| Stepping ~*~*~tactically~*~*~ (stealth).
  1507 | D:2      | 1507 ||| UPGRADING to +2 pair of gloves "Kuommu" {Rampage
                  | rF+ Str+4 Dex+3}.
  1512 | D:2      | 1512 ||| READING scroll labelled KIYNKE INORA.
  1531 | D:1      | 1531 ||| Stepping ~*~*~tactically~*~*~ (stealth).
  1589 | D:1      | 1589 ||| DROPPING +0 club.
  1724 | D:1      | 1724 ||| Stepping ~*~*~tactically~*~*~ (stealth).
  1725 | D:1      | 1725 ||| Stepping ~*~*~tactically~*~*~ (stealth).
  1790 | D:1      | 1790 ||| Stepping ~*~*~tactically~*~*~ (stealth).
  1813 | D:1      | Found Ufair's Magic Scroll Shoppe.
  1833 | D:1      | 1833 ||| BUYING scroll of identify (20 gold).
  1833 | D:1      | Bought a scroll of identify for 20 gold pieces
  1833 | D:1      | 1833 ||| BUYING scroll of identify (20 gold).
  1833 | D:1      | Bought a scroll of identify for 20 gold pieces
  1833 | D:1      | 1833 ||| BUYING scroll of identify (20 gold).
  1833 | D:1      | Bought a scroll of identify for 20 gold pieces
  1833 | D:1      | 1833 ||| BUYING scroll of teleportation (30 gold).
  1833 | D:1      | Bought a scroll of teleportation for 30 gold pieces
  2176 | D:1      | 2176 ||| UPGRADING to +0 helmet.
  2181 | D:1      | 2181 ||| READING scroll labelled URACVI ALUC.
  2182 | D:1      | 2182 ||| DRINKING 2 lumpy purple potions.
  2283 | D:1      | 2283 ||| READING 3 scrolls of identify.
  2283 | D:1      | 2283 ||| IDENTIFYING blue potion
  2284 | D:1      | 2284 ||| READING 2 scrolls of identify.
  2284 | D:1      | 2284 ||| IDENTIFYING puce potion
  2285 | D:1      | 2285 ||| DROPPING potion of ambrosia.
  2286 | D:1      | 2286 ||| DROPPING potion of flight.
  2311 | D:2      | 2311 ||| Stepping ~*~*~tactically~*~*~ (stealth).
  2314 | D:2      | Noticed Natasha
  2324 | D:2      | Killed Natasha
  2620 | D:2      | Noticed Jessica
  2633 | D:2      | Killed Jessica
  2634 | D:2      | Reached XP level 6. HP: 29/38 MP: 6/6
  2875 | D:2      | Found a faded altar of an unknown god.
  2911 | D:2      | 2911 ||| READING scroll labelled HOMYABBO VEOD.
  2912 | D:2      | 2912 ||| READING scroll labelled HOALETW QEOWU.
  2913 | D:2      | 2913 ||| READING scroll labelled AXEGYE LOLEI.
  2954 | D:3      | Noticed Terence
  2970 | D:3      | HP: 7/38 [Terence/+1 trident of flaming (9)]
  2971 | D:3      | 2971 ||| READING 2 scrolls of teleportation.
  2971 | D:3      | Slain by Terence

Levels and vault maps discovered:
D:1:      ncdulo_watergridlock, layout_loops_ring, serial_shops,
          nicolae_shop_temple_entry_statues_fountains, minmay_tromino_i4
D:2:      layout_loops_ring, dilly_ecumenical_altar_fadedgnrine, uniq_natasha,
          uniq_jessica
D:3:      layout_loops_cross, uniq_terence
D:4:      layout_loops_ring, lemuel_round_altar, mainiacjoe_overflow_boulevard,
          serial_shops, shop, serial_bayou_crossing
D:5:      layout_gridville, nzn_wu_jian_contemplation, minitemple

Skill      XL: |  1  2  3  4  5 |
---------------+----------------+-----
Axes           | 3 4 5 |  5.0
Armour         | 1 |  1.5
Fighting       | |  3.9
Dodging        | |  1.5
Stealth        | |  5.4

Action                   |  1- 3 |  4- 6 || total
-------------------------+-------+-------++-------
Melee: Hand axe          |    32 |   114 ||   146
Throw: Boomerang         |     8 |    51 ||    59
  Use: Scroll            |     1 |     8 ||     9
       Potion            |       |     1 ||     1
Armor: Leather armour    |     8 |     3 ||    11
       Ring mail         |       |    61 ||    61
Dodge: Dodged            |    31 |    51 ||    82

Table legend:
 A = Non-vault XP
 B = Vault XP
 C = Vault XP percentage of total XP
 D = Non-vault monster count
 E = Vault monster count
 F = Vault count percentage of total count
                 A         B        C        D         E       F
            +---------+---------+-------+---------+---------+-------
      Total |     250 |      79 |  24.0 |      43 |       6 |  12.2
            +---------+---------+-------+---------+---------+-------
        D:1 |      25 |       7 |  21.9 |      15 |       4 |  21.1
        D:2 |     133 |      72 |  35.1 |      17 |       2 |  10.5
        D:3 |      13 |       0 |   0.0 |       5 |       0 |   0.0
        D:5 |      79 |       0 |   0.0 |       6 |       0 |   0.0
            +---------+---------+-------+---------+---------+-------
